 Dungeon Sprint DCSS version 0.29-a0-512-gf59ac788ac (webtiles) character file.

Game seed: 8933524910619006164

909 mhtbhm the Grappler (level 7, -13/67 HPs)
             Began as a Troll Transmuter on May 29, 2022.
             Was a Believer of Sif Muna.
             Mangled by a four-headed hydra (14 damage)
             ... in the Dungeon (Sprint IX: "|||||||||||||||||||||||||||||").
             The game lasted 00:01:49 (662 turns).

mhtbhm the Grappler (Troll Transmuter)               Turns: 662, Time: 00:01:49

Health: -13/67     AC:  9    Str: 21    XL:     7   Next: 81%
Magic:  12/13      EV: 11    Int: 12    God:    Sif Muna [**....]
Gold:   0          SH:  0    Dex: 10    Spells: 5/15 levels left

rFire   . . .      SeeInvis .     - Unarmed
rCold   . . .      Faith    .   (no shield)
rNeg    . . .      Spirit   .   a - +0 troll leather armour
rPois   .          Reflect  .   (helmet currently unavailable)
rElec   .          Harm     .   k - +0 cloak
rCorr   .          Rampage  .   (gloves unavailable)
Will    .....      NoTele   +   (boots unavailable)
Stlth   +.........              (no amulet)
HPRegen 1.81/turn               l - +3 ring of intelligence
MPRegen 0.13/turn               m - +2 ring of protection

@: appendages (expiring), wereblooded
A: horns 2, talons 2, large, unfitting armour, claws 3, regeneration 1, shaggy
fur 1, tough skin 1
a: End Transformation, Renounce Religion, Channel Magic


You were in the Dungeon.
You worshipped Sif Muna.
Sif Muna was pleased with you.
You had temporarily grown beastly horns and talons.
You visited 1 branch

Inventory:

Armour
 a - a +0 troll leather armour (worn)
 k - a +0 cloak (worn)
Jewellery
 l - a +3 ring of intelligence (left claw)
 m - a +2 ring of protection (right claw)
Wands
 j - a wand of acid (8)
Scrolls
 h - 2 scrolls of blinking
 i - 2 scrolls of amnesia
Potions
 b - a potion of lignification
 c - 5 potions of curing
 d - a potion of invisibility
 e - a potion of haste
 f - 4 potions of magic
 g - a potion of heal wounds


   Skills:
 + Level 3.3 Fighting
 + Level 6.0 Dodging
 + Level 11.6 Unarmed Combat
 + Level 4.8 Spellcasting
 + Level 5.5 Transmutations
 + Level 0.4 Evocations


You had 5 spell levels left.
You knew the following spells:

 Your Spells              Type           Power      Damage    Failure   Level
a - Beastly Appendage     Tmut           32%        N/A       2%          1
b - Wereblood             Tmut           16%        N/A       3%          2
c - Spider Form           Tmut/Pois      9%         N/A       22%         3
d - Ice Form              Ice/Tmut       9%         N/A       58%         4

Your spell library contained the following spells:

 Spells                   Type           Power      Damage    Failure   Level


Dungeon Overview and Level Annotations

Branches:
Dungeon (1/1)

Altars:
Cheibriados
Dithmenos
Elyvilon
Fedhas
Gozag
Hepliaklqana
Kikubaaqudgha
Makhleb
Nemelex Xobeh
Okawaru
Qazlal
Ru
Sif Muna
Trog
Uskayaw
Vehumet
Wu Jian
Xom
Yredelemnul
Zin
The Shining One
Beogh
Jiyva
Lugonu


Innate Abilities, Weirdness & Mutations

You have temporarily grown beastly horns and talons.
You are too large for most types of armour.
You have claws for hands.
Your natural rate of healing is unusually fast.
You are covered in fur. (AC +1)
You have tough skin. (AC +1)


Message History

The four-headed hydra bites you but does no damage.
The four-headed hydra bites you!
The four-headed hydra bites you but does no damage.
The four-headed hydra bites you.
You turn to flesh and can move again.
Unknown command.
Unknown command.
Unknown command.
Unknown command.
You closely miss the deep elf pyromancer.
You are covered in liquid flames!
The deep elf pyromancer barely misses you.
The four-headed hydra bites you but does no damage. x3
The four-headed hydra bites you!
Unknown command.
Unknown command.
You claw the deep elf pyromancer! x2
The deep elf pyromancer is moderately wounded.
You are covered in liquid flames!
You are no longer on fire.
The deep elf pyromancer closely misses you.
You scratch the deep elf pyromancer.
Your headbutt misses the deep elf pyromancer.
You claw the deep elf pyromancer.
The deep elf pyromancer is heavily wounded.
The four-headed hydra bites you. x2
The four-headed hydra bites you but does no damage.
The four-headed hydra bites you.
The deep elf pyromancer hits you with a +0 long sword.
Unknown command.
Unknown command.
You claw the deep elf pyromancer! You claw the deep elf pyromancer.
The deep elf pyromancer is almost dead.
The four-headed hydra bites you!
* * * LOW HITPOINT WARNING * * *
The four-headed hydra bites you but does no damage.
The four-headed hydra bites you!
* * * LOW HITPOINT WARNING * * *
The four-headed hydra bites you!
You die...

▓.▓
▓.▓
▓[▓
▓[▓
▓.▓
▓.▓
▓.▓
▓e▓
▓@▓
▓D▓
▓l▓
▓i▓
▓E▓
▓T▓
▓c▓
▓.▓


You could see a four-headed hydra, a centaur warrior, a deep elf pyromancer, a
troll, a basilisk, a fire elemental (summoned) and a spriggan shaped shifter.

Vanquished Creatures
  A komodo dragon (D)
  A troll (D)
  An acid dragon (D)
  A centaur (D)
  A gnoll sergeant (D)
  A necrophage (D)
  A howler monkey (D)
  A hound (D)
  A gnoll shaman (D)
  An iguana (D)
  A bat (D)
  3 quokkas (D)
  A frilled lizard (D)
  A rat (D)
16 creatures vanquished.

Notes
Turn   | Place    | Note
-------+----------+-------------------------------------------
     0 | D        | mhtbhm the Troll Transmuter began the quest for the Orb.
     0 | D        | Reached XP level 1. HP: 18/18 MP: 1/1
    17 | D        | Reached skill level 4 in Unarmed Combat
    41 | D        | Noticed an iguana
    41 | D        | Noticed a gnoll sergeant
    41 | D        | Noticed a hound
    41 | D        | Noticed a necrophage
    46 | D        | Killed an iguana
    47 | D        | Reached skill level 5 in Unarmed Combat
    47 | D        | Reached XP level 2. HP: 24/26 MP: 2/4
    47 | D        | Reached XP level 3. HP: 29/32 MP: 2/5
    52 | D        | Reached skill level 1 in Fighting
    57 | D        | Killed a gnoll sergeant
    58 | D        | Reached skill level 6 in Unarmed Combat
    58 | D        | Reached XP level 4. HP: 9/41 MP: 2/6
    64 | D        | Reached skill level 7 in Unarmed Combat
    66 | D        | Killed a necrophage
    67 | D        | Reached skill level 8 in Unarmed Combat
    67 | D        | Reached XP level 5. HP: 12/49 MP: 2/8
   225 | D        | Learned a level 2 spell: Wereblood
   229 | D        | Learned a level 3 spell: Spider Form
   234 | D        | Learned a level 4 spell: Ice Form
   304 | D        | Found a snail-covered altar of Cheibriados.
   304 | D        | Found a shadowy altar of Dithmenos.
   304 | D        | Found a white marble altar of Elyvilon.
   304 | D        | Found a blossoming altar of Fedhas.
   304 | D        | Found an opulent altar of Gozag.
   305 | D        | Found a hazy altar of Hepliaklqana.
   306 | D        | Found a viscous altar of Jiyva.
   307 | D        | Found an ancient bone altar of Kikubaaqudgha.
   308 | D        | Found a corrupted altar of Lugonu.
   309 | D        | Found a burning altar of Makhleb.
   310 | D        | Found a sparkling altar of Nemelex Xobeh.
   311 | D        | Found an iron altar of Okawaru.
   312 | D        | Found a stormy altar of Qazlal.
   313 | D        | Found a sacrificial altar of Ru.
   314 | D        | Found a shimmering blue altar of Sif Muna.
   315 | D        | Found a bloodstained altar of Trog.
   316 | D        | Found a hide-covered altar of Uskayaw.
   317 | D        | Found a radiant altar of Vehumet.
   318 | D        | Found an ornate altar of the Wu Jian Council.
   325 | D        | Found a shimmering altar of Xom.
   326 | D        | Found a basalt altar of Yredelemnul.
   327 | D        | Found a glowing silver altar of Zin.
   328 | D        | Found a glowing golden altar of the Shining One.
   332 | D        | Became a worshipper of Sif Muna the Loreminder
   371 | D        | Noticed a centaur
   371 | D        | Noticed a komodo dragon
   371 | D        | Noticed an acid dragon
   371 | D        | Noticed a troll
   376 | D        | Killed a centaur
   377 | D        | Reached skill level 9 in Unarmed Combat
   377 | D        | Reached XP level 6. HP: 51/57 MP: 5/10
   382 | D        | Killed a komodo dragon
   382 | D        | Reached * piety under Sif Muna
   383 | D        | Reached skill level 5 in Dodging
   383 | D        | Reached skill level 10 in Unarmed Combat
   383 | D        | Reached XP level 7. HP: 41/66 MP: 6/12
   386 | D        | Reached skill level 5 in Transmutations
   387 | D        | Reached skill level 11 in Unarmed Combat
   389 | D        | Killed a troll
   389 | D        | Reached ** piety under Sif Muna
   648 | D        | Noticed a basilisk
   648 | D        | Noticed a four-headed hydra
   648 | D        | Noticed a hog
   648 | D        | Noticed a deep elf pyromancer
   648 | D        | Noticed a troll
   648 | D        | Noticed a centaur warrior
   648 | D        | Noticed a spriggan
   648 | D        | a hog changed into a spriggan
   652 | D        | Noticed a fire elemental
   662 | D        | HP: 1/67 [four-headed hydra (11)]
   662 | D        | Mangled by a four-headed hydra

Illustrated notes

Levels and vault maps discovered:
D:        linesprint [early_d, line_temple, items_1, d_10, items_2, lair_1,
          lair_end, items_3, orc_1, orc_end, items_4, d_15, swamp_1, shoals_1,
          snake_1, spider_1, d_20, vaults_1, items_5, swamp_end, shoals_end,
          snake_end, spider_end, vaults_end, d_27, items_6, zot_1, zot_end,
          crypt_end, forest_end, elf_end, slime_end, tomb_end, abyss_end,
          pan_hell_end]

Skill      XL: |  1  2  3  4  5  6  7 |
---------------+----------------------+-----
Unarmed Combat | 5 6 8 9 10 11 | 11.6
Dodging        | 2 3 4 5 6 |  6.0
Spellcasting   | 2 3 4 |  4.8
Fighting       | 1 2 3 |  3.3
Transmutations | 2 3 4 5 |  5.5
Evocations     | |  0.4

Action                   |  1- 3 |  4- 6 |  7- 9 || total
-------------------------+-------+-------+-------++-------
Melee: Unarmed           |    23 |    16 |    14 ||    53
       Kick              |     3 |     3 |     6 ||    12
       Headbutt          |       |     4 |       ||     4
       Punch             |       |     1 |     1 ||     2
 Cast: Beastly Appendage |     2 |     2 |     2 ||     6
       Wereblood         |       |     2 |     1 ||     3
Evoke: Wand              |       |     2 |       ||     2
  Use: Potion            |     2 |     1 |       ||     3
Armor: Robe              |     4 |     6 |     2 ||    12
       Troll leather arm |       |       |     9 ||     9
Dodge: Dodged            |    13 |     5 |     4 ||    22

Table legend: (Time is in decaauts)
 A = Elapsed time spent in this place.
 B = Non-inter-level travel time spent in this place.
 C = Inter-level travel time spent in this place.
 D = Time resting spent in this place.
 E = Time spent auto-exploring this place.
 F = Levels seen in this place.
 G = Mean time per level.
                   A        B        C        D        E       F      G
               +--------+--------+--------+--------+--------+-----+--------+
         Total |    668 |    668 |      0 |    483 |      0 |   1 |  668.0 |
       Dungeon |    668 |    668 |      0 |    483 |      0 |   1 |  668.0 |
               +--------+--------+--------+--------+--------+-----+--------+

Top non-repeatable levels by time:
       D: 668 daAuts
